 Dungeon Crawl Stone Soup version 0.23.2 (webtiles) character file.

Game seed: 6050067853093421203

4173 Borgoz the Slicer (level 10, 0/81 HPs)
             Began as a Kobold Gladiator on Apr 10, 2019.
             Was an Initiate of Ashenzari.
             Succumbed to a hornet's poison
             ... on level 9 of the Dungeon.
             The game lasted 00:17:00 (7675 turns).

Borgoz the Slicer (Kobold Gladiator)                Turns: 7675, Time: 00:17:01

Health: 0/81       AC: 25    Str: 15    XL:     10   Next: 53%
Magic:  14/14      EV:  3    Int: 15    God:    Ashenzari [......]
Gold:   425        SH:  3    Dex: 18    Spells: 10/14 levels left

rFire    + + .     SeeInvis .   g - +1 short sword (venom)
rCold    . . .     Gourm    .   (shield restricted)
rNeg     + + +     Faith    .   (armour currently unavailable)
rPois    +         Spirit   .   (helmet currently unavailable)
rElec    .         Reflect  +   (cloak currently unavailable)
rCorr    .         Harm     .   (gloves currently unavailable)
MR       .....     NoTele   +   (boots currently unavailable)
Stlth    ++++......             j - +3 amulet of reflection
HPRegen  0.23/turn              m - ring of protection from fire
MPRegen  0.14/turn              D - ring of protection from fire

@: brilliant, lethally poisoned (0 -> -3), tree-form
A: small, agile 1, carnivore, frail 1
a: Curse Item, Renounce Religion


You were on level 9 of the Dungeon.
You worshipped Ashenzari.
Ashenzari was noncommittal.
You were very full.
You were a tree.
You visited 2 branches of the dungeon, and saw 10 of its levels.

You collected 425 gold pieces.

Inventory:

Hand Weapons
 a - a +0 rapier
 g - a +1 short sword of venom (weapon)
 z - a +3 dagger
Missiles
 y - a throwing net (quivered)
Armour
 c - a +0 helmet (melded)
 p - a +0 pair of gloves (melded)
 s - a +0 ring mail (melded)
 t - a +0 cloak (melded)
Jewellery
 j - a +3 amulet of reflection (around neck)
 m - a ring of protection from fire (left branch)
 o - an uncursed amulet of the acrobat
 D - a ring of protection from fire (right branch)
Wands
 k - a wand of polymorph (8)
 w - a wand of paralysis (9)
Scrolls
 b - 2 scrolls of teleportation {unknown}
 d - 2 scrolls of enchant armour {unknown}
 e - 2 scrolls of random uselessness {unknown}
 h - 13 scrolls of identify {unknown}
 i - 2 scrolls of fog
 l - 3 scrolls of noise {unknown}
 n - 5 scrolls of amnesia {unknown}
 q - 2 scrolls of blinking {unknown}
 r - 2 scrolls of magic mapping {unknown}
 u - 2 scrolls of enchant weapon {unknown}
Potions
 v - a potion of resistance
 x - a potion of haste
 B - a potion of brilliance
Comestibles
 f - 16 rations


   Skills:
 + Level 6.5 Fighting
 + Level 8.2 Short Blades
 - Level 2.1 Throwing
 * Level 6.5 Armour
 + Level 7.5 Dodging
 + Level 7.7 Stealth
 + Level 2.8 Spellcasting
 + Level 2.7 Hexes
 + Level 3.3 Evocations


You had 10 spell levels left.
You knew the following spells:

 Your Spells              Type           Power        Failure   Level  Hunger
a - Confusing Touch       Hex            ###...       1%          1    #......
b - Confuse               Hex            ###.....     2%          3    ###....

Your spell library contained the following spells:

 Spells                   Type           Power        Failure   Level  Hunger
 Freeze                   Ice            ##..         2%          1    #......
 Magic Dart               Conj           ##..         2%          1    #......
 Corpse Rot               Necr           N/A          3%          2    ##.....
 Searing Ray              Conj           ##....       3%          2    ##.....
 Throw Frost              Conj/Ice       ##....       3%          2    ##.....
 Dazzling Spray           Conj/Hex       ###...       4%          3    ###....
 Gell's Gravitas          Tloc           ##........   7%          3    ###....
 Ozocubu's Armour         Chrm/Ice       ##......     7%          3    ###....
 Stone Arrow              Conj/Erth      ##....       7%          3    ###....
 Fulminant Prism          Conj/Hex       ###.......   13%         4    #####..
 Leda's Liquefaction      Hex/Erth       ###.......   13%         4    #####..
 Force Lance              Conj/Tloc      ##......     21%         4    #####..
 Iskenderun's Mystic Bla  Conj           ##......     21%         4    #####..
 Petrify                  Tmut/Erth      ##......     21%         4    #####..
 Summon Ice Beast         Ice/Summ       ##......     21%         4    #####..
 Throw Icicle             Conj/Ice       ##......     21%         4    #####..
 Metabolic Englaciation   Hex/Ice        ###.......   30%         5    ######.
 Yara's Violent Unravell  Hex/Tmut       ###.......   30%         5    ######.
 Summon Forest            Summ/Tloc      ##........   45%         5    ######.
 Hydra Form               Tmut           ##........   91%         6    #######
 Summon Hydra             Summ           ##........   100%        7    #######


Dungeon Overview and Level Annotations

Branches:
Dungeon (9/15)             Temple (1/1) D:7
   Lair: D:8-11         Orc: D:9-12

Altars:
Ashenzari
Cheibriados
Dithmenos
Elyvilon
Fedhas
Gozag
Hepliaklqana
Kikubaaqudgha
Makhleb
Nemelex Xobeh
Okawaru
Qazlal
Ru
Sif Muna
Trog
Uskayaw
Vehumet
Wu Jian
Xom
Yredelemnul
Zin
The Shining One


Innate Abilities, Weirdness & Mutations

You are small and have problems with some larger weapons.
You are carnivorous and can eat meat at any time.
You are agile. (Dex +2)
You are frail. (-10% HP)


Message History

You feel sick.
* * * LOW HITPOINT WARNING * * *
You feel sick.
* * * LOW HITPOINT WARNING * * *
You feel sick.
* * * LOW HITPOINT WARNING * * *
You feel sick.
* * * LOW HITPOINT WARNING * * *
You feel sick.
* * * LOW HITPOINT WARNING * * *
You feel sick.
* * * LOW HITPOINT WARNING * * *
You feel sick.
* * * LOW HITPOINT WARNING * * *
You feel sick.
* * * LOW HITPOINT WARNING * * *
You feel sick.
* * * LOW HITPOINT WARNING * * *
You feel sick.
You die...

..#.........####.........#.......
..#...................(..#.......
..#......................#.......
#.#+#.#........#####+#.#.......
#........#### .# ............#
#........##.... #........# ...
#..%....♣# .. ........†+ .
#........# #####..... #....(
....... ##...... #.......


There were no monsters in sight!

Vanquished Creatures
  Pikel (D:5)
  A hornet (D:9)
  3 yaks (D:9)
  Sigmund (D:3)
  A spriggan (D:7)
  A water moccasin (D:9)
  An orc warrior (D:9)
  2 slaves (D:5)
  2 black bears
  An eye of draining (D:9)
  2 sky beasts
  3 ice beasts
  3 ogres
  3 phantoms
  A centaur (D:5)
  4 bullfrogs
  A wyvern zombie (D:6)
  A wyvern skeleton (D:7)
  3 scorpions
  A quasit (D:5)
  2 jellies
  3 hounds
  4 orc wizards
  6 orc priests
  6 worker ants
  A worker ant zombie (D:5)
  9 adders
  A shadow imp (D:6)
  An adder skeleton (D:8)
  2 worms
  4 dart slugs
  6 leopard geckos
  16 orcs
  A ball python (D:4)
  4 bats
  4 giant cockroaches
  4 hobgoblins (D:1)
  7 jackals
  6 quokkas
  A ball python skeleton (D:2)
  9 frilled lizards
  9 goblins
  4 kobolds
  8 rats
154 creatures vanquished.

Vanquished Creatures (others)
  2 hound skeletons (D:5)
2 creatures vanquished.

Grand Total: 156 creatures vanquished

Notes
Turn   | Place    | Note
-------+----------+-------------------------------------------
     0 | D:1      | Borgoz the Kobold Gladiator began the quest for the Orb.
     0 | D:1      | Reached XP level 1. HP: 12/12 MP: 1/1
    44 | D:1      | Reached XP level 2. HP: 18/18 MP: 2/2
   362 | D:1      | Reached skill level 1 in Armour
   362 | D:1      | Reached skill level 1 in Stealth
   368 | D:1      | Reached XP level 3. HP: 22/22 MP: 3/3
  1247 | D:2      | Reached XP level 4. HP: 27/27 MP: 4/4
  2106 | D:3      | Found an opulent altar of Gozag.
  2137 | D:3      | Reached XP level 5. HP: 27/32 MP: 5/5
  2248 | D:3      | Noticed Sigmund
  2267 | D:3      | Killed Sigmund
  2267 | D:3      | Reached skill level 5 in Short Blades
  2267 | D:3      | Reached XP level 6. HP: 32/37 MP: 6/6
  2501 | D:4      | Noticed a phantom
  2548 | D:4      | Killed a phantom
  2551 | D:4      | Noticed an ogre
  2560 | D:4      | Killed an ogre
  2560 | D:4      | Reached XP level 7. HP: 30/42 MP: 7/7
  2706 | D:4      | Found a sacrificial altar of Ru.
  2754 | D:4      | Reached skill level 5 in Dodging
  2813 | D:4      | Found an ancient bone altar of Kikubaaqudgha.
  2814 | D:4      | Found a glowing silver altar of Zin.
  2816 | D:4      | Found a hide-covered altar of Uskayaw.
  2972 | D:4      | Got a steaming mace
  2973 | D:4      | Identified the cursed +2 mace of Maewitwe {elec, rElec
                  | rPois rF- Str+5} (You found it on level 4 of the Dungeon)
  3104 | D:5      | Entered Level 5 of the Dungeon
  3204 | D:5      | Found a hazy altar of Hepliaklqana.
  3932 | D:5      | Noticed Pikel
  3966 | D:5      | Reached XP level 8. HP: 41/48 MP: 8/8
  4025 | D:5      | Killed Pikel
  4025 | D:5      | Reached skill level 6 in Short Blades
  4025 | D:5      | Reached skill level 5 in Stealth
  4290 | D:5      | Reached skill level 5 in Fighting
  4482 | D:5      | Reached XP level 9. HP: 41/54 MP: 9/9
  4748 | D:6      | Reached skill level 5 in Armour
  5038 | D:6      | Reached skill level 7 in Short Blades
  5694 | D:7      | Found a shadowy altar of Dithmenos.
  5763 | D:7      | Learned a level 1 spell: Confusing Touch
  5773 | D:7      | Learned a level 3 spell: Confuse
  5799 | D:7      | Found a white marble altar of Elyvilon.
  5840 | D:7      | Found a staircase to the Ecumenical Temple.
  6051 | D:7      | Reached skill level 1 in Evocations
  6060 | D:7      | Reached skill level 1 in Spellcasting
  6219 | D:7      | Reached skill level 1 in Hexes
  6242 | Temple   | Entered the Ecumenical Temple
  6548 | D:8      | Found a shattered altar of Ashenzari.
  6549 | D:8      | Found a radiant altar of Vehumet.
  6549 | D:8      | Found a bloodstained altar of Trog.
  6552 | D:8      | Became a worshipper of Ashenzari the Shackled
  6767 | D:8      | Found a shimmering altar of Xom.
  6787 | D:8      | Found a sparkling altar of Nemelex Xobeh.
  7058 | D:9      | Reached XP level 10. HP: 49/60 MP: 12/12
  7162 | D:9      | HP: 2/60 [yak (9)]
  7169 | D:9      | Reached skill level 8 in Short Blades
  7657 | D:9      | Paralysed by a hornet for 2 turns
  7661 | D:9      | Gained mutation: You are frail. (-10% HP) [potion of
                  | mutation]
  7661 | D:9      | Gained mutation: You are agile. (Dex +2) [potion of
                  | mutation]
  7668 | D:9      | HP: 4/81 [poisoned by a hornet]
  7672 | D:9      | HP: 1/81 [poisoned by a hornet]
  7675 | D:9      | Succumbed to a hornet's poison

Skill      XL: |  1  2  3  4  5  6  7  8  9 10 |
---------------+-------------------------------+-----
Armour         | 1 2 3 4 5 6 |  6.5
Stealth        | 1 2 3 4 5 7 |  7.7
Dodging        | 4 5 6 7 |  7.5
Fighting       | 3 4 5 6 |  6.5
Short Blades   | 5 6 7 8 |  8.2
Evocations     | 2 3 |  3.3
Spellcasting   | 1 2 |  2.8
Hexes          | 1 2 |  2.7
Throwing       | |  2.1

Action                   |  1- 3 |  4- 6 |  7- 9 | 10-12 || total
-------------------------+-------+-------+-------+-------++-------
Melee: Rapier            |    85 |   124 |   322 |       ||   531
       Short sword       |       |       |   144 |   139 ||   283
Throw: Throwing net      |       |     4 |     2 |     1 ||     7
  Use: Scroll            |       |     2 |     1 |       ||     3
       Potion            |       |     1 |     8 |     5 ||    14
 Stab: Sleeping          |     3 |     5 |    11 |     4 ||    23
       Held in net/web   |       |     1 |       |     1 ||     2
  Eat: Chunk             |     8 |     5 |    15 |     2 ||    30
Armor: Leather armour    |    16 |    19 |    17 |       ||    52
       Ring mail         |       |       |    87 |    19 ||   106
Dodge: Dodged            |    67 |    71 |   323 |    80 ||   541
Block: Other             |       |     8 |    53 |     8 ||    69
